 Dungeon Crawl Stone Soup version 0.29-a0-1047-g7c58e119a4 (webtiles) character file.

Game seed: 15099628293752740257

22790 D0lphin the Tortoise (level 12, -5/99 HPs)
             Began as a Minotaur Berserker on Aug 16, 2022.
             Was an Elder of Trog.
             Slain by a salamander
             ... wielding a +0 spear
              (14 damage)
             ... on level 1 of the Snake Pit.
             The game lasted 00:53:47 (16843 turns).

D0lphin the Tortoise (Minotaur Berserker)          Turns: 16843, Time: 00:53:53

Health: -5/99      AC: 15    Str: 30    XL:     12   Next: 66%
Magic:  0/11       EV: 14    Int:  4    God:    Trog [****..]
Gold:   915        SH:  8    Dex: 15    Spells: 11/11 levels left

rFire   . . .      SeeInvis +   H - +3 flail
rCold   + . .      Faith    .   w - +2 buckler
rNeg    . . .      Spirit   +   K - +2 plate armour {rC+}
rPois   .          Reflect  .   (helmet restricted)
rElec   .          Harm     .   u - +0 cloak
rCorr   .          Rampage  .   (no gloves)
Will    .....                   (no boots)
Stlth   ..........              t - amulet of guardian spirit
HPRegen 0.26/turn               j - +4 ring of evasion
MPRegen 0.12/turn               f - +6 ring of strength

@: about to teleport
A: horns 2, retaliatory headbutt, thin skeletal structure 1, see invisible,
deformed body, frail 1
a: Renounce Religion, Berserk, Trog's Hand, Brothers in Arms


You were on level 1 of the Snake Pit.
You worshipped Trog.
Trog was greatly pleased with you.
You visited 4 branches of the dungeon, and saw 15 of its levels.

You collected 915 gold pieces.

Inventory:

Hand Weapons
 F - a +0 arbalest of flaming
 H - a +3 flail (weapon)
Missiles
 h - 118 stones
 i - 30 poisoned darts (quivered)
 y - 4 boomerangs
Armour
 u - a +0 cloak (worn)
 w - a +2 buckler (worn)
 I - a +0 scale mail of fire resistance
 K - a +2 plate armour of cold resistance (worn)
Jewellery
 e - a ring of protection from cold
 f - a +6 ring of strength (right hand)
 j - a +4 ring of evasion (left hand)
 t - an amulet of guardian spirit (around neck)
 O - a ring of ice
Wands
 m - a wand of flame (23)
 o - a wand of polymorph (17)
 z - a wand of paralysis (14)
 J - a wand of iceblast (1)
 L - a wand of mindburst (6)
Scrolls
 a - 3 scrolls of immolation {unknown}
 b - 2 scrolls of amnesia {unknown}
 g - 5 scrolls of magic mapping
 k - 2 scrolls of noise {unknown}
 l - 7 scrolls of identify
 n - 2 scrolls of acquirement {unknown}
 q - 3 scrolls of vulnerability
 r - 10 scrolls of teleportation
 v - 4 scrolls of fear
 A - 2 scrolls of butterflies {unknown}
 D - a scroll of torment {unknown}
 E - 2 scrolls of poison {unknown}
 G - 3 scrolls of blinking {unknown}
 M - 2 scrolls of enchant weapon {unknown}
 R - a scroll of enchant armour {unknown}
Potions
 c - 2 potions of might
 d - 2 potions of curing
 p - 4 potions of lignification
 s - a potion of flight {unknown}
 x - 2 potions of mutation
 B - 3 potions of magic
 C - 3 potions of heal wounds
 N - 2 potions of ambrosia {unknown}
 P - a potion of degeneration {unknown}
 Q - 2 potions of haste {unknown}
 S - a potion of berserk rage {unknown}


   Skills:
 + Level 11.2 Fighting
 + Level 15.0 Maces & Flails
 * Level 15.7 Armour
 + Level 5.2 Dodging
 + Level 1.5 Stealth
 + Level 6.6 Shields


You had 11 spell levels left.
You didn't know any spells.
Your spell library contained the following spells:

 Spells                   Type           Power      Damage    Failure   Level
 Ensorcelled Hibernation  Hex/Ice        0%         N/A       99%         2
 Passwall                 Tmut/Erth      0%         N/A       99%         2
 Swiftness                Air            0%         N/A       100%        3


Dungeon Overview and Level Annotations

Branches:
Dungeon (11/15)            Temple (1/1) D:4            Lair (2/5) D:11
  Snake (1/4) Lair:2          Orc (0/2) D:10
  Swamp: Lair:2-3    Shoals: Lair:2-3

Altars:
Ashenzari
Cheibriados
Dithmenos
Elyvilon
Fedhas
Gozag
Hepliaklqana
Kikubaaqudgha
Makhleb
Nemelex Xobeh
Okawaru
Qazlal
Ru
Sif Muna
Trog
Uskayaw
Vehumet
Wu Jian
Xom
Yredelemnul
Zin
The Shining One
Jiyva

Shops:
D:6 =   D:8 ?

Annotations:
Snake:1 2 transporters, exclusion: orange crystal statue


Innate Abilities, Weirdness & Mutations

You have a pair of horns on your head.
You reflexively headbutt those who attack you in melee.
You have a somewhat thin skeletal structure. (Dex +2, Stealth+)
You have supernaturally acute eyesight. (SInv)
Armour fits poorly on your strangely shaped body.
You are frail. (-10% HP)


Message History

The guardian serpent hits you but does no damage.
You hit the guardian serpent.
You kill the guardian serpent!
Trog accepts your kill.
Trog appreciates your killing of a magic user.
The salamander barely misses you. The salamander barely misses you.
You hit the salamander but do no damage.
You headbutt the salamander!
The salamander is lightly wounded.
You sock the salamander!
The salamander is heavily wounded.
The salamander misses you.
A naga comes into view. It is wielding a +0 mace.
A naga comes into view. It is wielding a +0 flail.
The naga shouts! x2
You hit the salamander.
The salamander is heavily wounded.
You block the salamander's attack.
You hit the salamander. Your headbutt misses the salamander.
The salamander is heavily wounded.
The naga hits you from afar with a +0 glaive!
The salamander hits you with a +0 spear.
You are engulfed in flames!
You thump the salamander! You headbutt the salamander.
The salamander is severely wounded.
You closely miss the salamander.
The salamander is severely wounded.
The naga closely misses you.
The salamander hits you with a +0 spear!
You are engulfed in flames!
Okay, then.
As you read the scroll of teleportation, it crumbles to dust.
You feel strangely unstable.
The naga hits you from afar with a +0 glaive!
* * * LOW HITPOINT WARNING * * *
The salamander hits you with a +0 spear!
* * * LOW HITPOINT WARNING * * *
You are engulfed in flames!
You die...

#...$. ...... ......
.##...# #####......
##....# ####..........
#..... ####..........N..
.....###........)NN.N...
.......#.......†@#
.......#....!....#
........#........#
.......#.........#
..............####
...^......#....##
................##.#
..................>#
.....#............##


You could see a salamander and 3 nagas.

Vanquished Creatures
  Fannar (D:10)
  A two-headed ogre (D:9)
  A centaur warrior (D:10)
  9 death yaks
  A mana viper (Snake:1)
  A manticore (D:11)
  A guardian serpent (Snake:1)
  8 black mambas
  2 cane toads (Lair:2)
  Psyche (D:8)
  A komodo dragon (D:8)
  A rime drake (Lair:2)
  2 trolls (D:11)
  Sigmund (D:3)
  2 wraiths
  2 wyverns
  A shadow (D:9)
  A basilisk (Lair:2)
  20 yaks
  A steam dragon (D:8)
  A naga (Snake:1)
  8 water moccasins
  3 orc warriors
  4 black bears
  3 ice beasts
  A sky beast (D:8)
  2 ogres (D:5)
  2 kobold brigands
  3 bullfrogs
  A gnoll sergeant (D:8)
  A necrophage (D:6)
  4 scorpions
  5 wights (D:7)
  11 killer bees (D:10)
  3 howler monkeys (D:11)
  4 jellies (D:8)
  5 orc priests
  A hound (D:4)
  A gnoll bouda (D:6)
  Jessica (D:3)
  Ijyb (D:3)
  Terence (D:2)
  2 iguanas (D:4)
  6 orc wizards
  2 hell rats (D:8)
  21 gnolls
  7 adders
  7 river rats (D:8)
  A white imp (D:5)
  3 ufetubi
  5 worms
  2 dart slugs (D:3)
  27 orcs
  11 ball pythons
  6 endoplasms
  3 giant cockroaches (D:2)
  13 hobgoblins
  4 jackals (D:4)
  6 quokkas
  6 bats
  3 frilled lizards
  9 goblins
  18 kobolds
  23 rats
  A butterfly (D:5)
310 creatures vanquished.

Vanquished Creatures (collateral kills)
  Gastronok (D:9)
  A hydra (D:11)
2 creatures vanquished.

Vanquished Creatures (others)
  4 fungi
  8 plants (Lair:2)
12 creatures vanquished.

Grand Total: 324 creatures vanquished

Notes
Turn   | Place    | Note
-------+----------+-------------------------------------------
     0 | D:1      | D0lphin the Minotaur Berserker began the quest for the Orb.
     0 | D:1      | Reached XP level 1. HP: 19/19 MP: 0/0
   214 | D:1      | Reached XP level 2. HP: 4/27 MP: 1/1
   874 | D:1      | Reached XP level 3. HP: 33/33 MP: 2/2
  1691 | D:2      | Found a stormy altar of Qazlal.
  1749 | D:2      | Reached ** piety under Trog
  2289 | D:2      | Noticed Terence
  2296 | D:2      | Killed Terence
  2297 | D:2      | Reached skill level 5 in Maces & Flails
  2297 | D:2      | Reached XP level 4. HP: 41/41 MP: 3/3
  3072 | D:3      | Noticed Sigmund
  3100 | D:2      | HP: 1/41 [gnoll/+0 whip (4)]
  3107 | D:1      | Reached XP level 5. HP: 7/47 MP: 4/4
  3454 | D:3      | Noticed Jessica
  3457 | D:3      | Killed Jessica
  3458 | D:3      | Noticed Ijyb
  3470 | D:3      | Killed Ijyb
  3619 | D:3      | Reached XP level 6. HP: 53/53 MP: 5/5
  3752 | D:3      | Reached skill level 5 in Fighting
  3816 | D:3      | Killed Sigmund
  3817 | D:3      | Reached skill level 5 in Armour
  3940 | D:3      | Found a faded altar of an unknown god.
  3962 | D:3      | Reached XP level 7. HP: 61/61 MP: 6/6
  4330 | D:4      | Found a staircase to the Ecumenical Temple.
  4422 | Temple   | Entered the Ecumenical Temple
  5064 | D:4      | Reached *** piety under Trog
  5225 | D:4      | You fall into a shaft and drop 1 floor!
  5225 | D:5      | Entered Level 5 of the Dungeon
  5268 | D:5      | Reached skill level 1 in Stealth
  5956 | D:5      | Found a shimmering altar of Xom.
  6007 | D:5      | Reached XP level 8. HP: 63/70 MP: 7/7
  6116 | D:5      | Found a snail-covered altar of Cheibriados.
  7634 | D:6      | Reached XP level 9. HP: 78/78 MP: 8/8
  7639 | D:6      | Found Uptej's Jewellery Boutique.
  7763 | D:6      | Found a hide-covered altar of Uskayaw.
  7763 | D:6      | Noticed a +0 short sword
  7763 | D:6      | Noticed a +0 spear
  7763 | D:6      | Noticed a +0 short sword
  7763 | D:6      | Noticed a +0 falchion
  7764 | D:6      | Noticed a +0 dagger
  7765 | D:6      | Noticed a +0 spear
  7766 | D:6      | Noticed a +0 dagger
  7766 | D:6      | Noticed a +0 falchion
  8375 | D:7      | Reached skill level 1 in Shields
  8872 | D:7      | Reached skill level 10 in Maces & Flails
  9122 | D:8      | Reached skill level 10 in Armour
  9457 | D:8      | Reached XP level 10. HP: 88/88 MP: 6/9
  9501 | D:8      | Reached **** piety under Trog
  9642 | D:8      | Found a viscous altar of Jiyva.
  9664 | D:8      | Noticed Psyche
  9673 | D:8      | Killed Psyche
  9762 | D:8      | Found a stormy altar of Qazlal.
  9762 | D:8      | Found an ancient bone altar of Kikubaaqudgha.
  9768 | D:8      | Found a glowing silver altar of Zin.
 10301 | D:8      | Found Fogesavor's Magic Scroll Emporium.
 10333 | D:8      | Gained mutation: Armour fits poorly on your strangely
                  | shaped body. [potion of mutation]
 10333 | D:8      | Gained mutation: You are frail. (-10% HP) [potion of
                  | mutation]
 10333 | D:8      | Gained mutation: You have a somewhat thin skeletal
                  | structure. (Dex +2, Stealth+) [potion of mutation]
 10333 | D:8      | Gained mutation: You have supernaturally acute eyesight.
                  | (SInv) [potion of mutation]
 10817 | D:9      | Noticed a two-headed ogre
 10825 | D:9      | Killed a two-headed ogre
 11500 | D:9      | Noticed Gastronok
 11507 | D:9      | Killed Gastronok
 11508 | D:9      | Reached XP level 11. HP: 62/87 MP: 6/10
 11759 | D:9      | Found a bloodstained altar of Trog.
 11853 | D:10     | Entered Level 10 of the Dungeon
 12027 | D:10     | Noticed a centaur warrior
 12045 | D:10     | Killed a centaur warrior
 12530 | D:10     | Noticed Fannar
 12540 | D:10     | Killed Fannar
 12639 | D:10     | Found a white marble altar of Elyvilon.
 12713 | D:10     | Found a staircase to the Orcish Mines.
 13049 | D:11     | Noticed an eight-headed hydra
 13056 | D:11     | Killed an eight-headed hydra
 13370 | D:11     | Noticed a death yak
 13370 | D:11     | Noticed a death yak
 13371 | D:11     | Noticed a death yak
 13371 | D:11     | Noticed a death yak
 13372 | D:11     | Noticed a death yak
 13372 | D:11     | Noticed a death yak
 13374 | D:11     | Noticed a death yak
 13380 | D:11     | Noticed a death yak
 13381 | D:11     | Killed a death yak
 13382 | D:11     | Reached skill level 5 in Shields
 13382 | D:11     | Noticed a death yak
 13385 | D:11     | Killed a death yak
 13386 | D:11     | Reached skill level 10 in Fighting
 13393 | D:11     | Killed a death yak
 13678 | D:11     | Found a staircase to the Lair.
 13690 | D:11     | Killed a death yak
 13695 | D:11     | Killed a death yak
 13702 | D:11     | Killed a death yak
 13709 | D:11     | Killed a death yak
 13710 | D:11     | Reached XP level 12. HP: 58/96 MP: 6/11
 13723 | D:10     | Killed a death yak
 13992 | D:11     | Killed a death yak
 14557 | Lair:1   | Entered Level 1 of the Lair of Beasts
 14647 | Lair:1   | You fall into a shaft and drop 1 floor!
 15706 | Lair:2   | Reached skill level 5 in Dodging
 15730 | Lair:2   | Reached skill level 15 in Armour
 15941 | Lair:2   | Found a staircase to the Snake Pit.
 16702 | Snake:1  | Entered Level 1 of the Snake Pit
 16707 | Snake:1  | Reached skill level 15 in Maces & Flails
 16730 | Snake:1  | Found the +1 cloak of Starlight {*Dazzle EV+4 Stlth--}
 16731 | Snake:1  | Noticed a naga warrior
 16732 | Snake:1  | Found a transporter.
 16755 | Snake:1  | Found a transporter.
 16843 | Snake:1  | Slain by a salamander

Illustrated notes

Levels and vault maps discovered:
D:1:      psy_arrival_conway, layout_loops_ring, chequers_arboretum
D:2:      layout_rooms, serial_co_window_serial, co_window_paths_a,
          co_window_of_opportunity_a, co_window_corner_a, co_window_corner_a,
          co_window_paths_b, co_window_paths_a, co_window_of_opportunity_a,
          co_window_unsneaky_path_d, co_window_cross_4, co_window_corner_b,
          co_window_broadway_c, co_window_paths_d, basic_altar, uniq_terence
D:3:      layout_rooms, ebering_ecumenical_altar_box, uniq_ijyb, uniq_jessica,
          uniq_sigmund
D:4:      minmay_clustersquares, layout_basic, minmay_temple_entry_antechambers
D:5:      kennysheep_spiral_hall, layout_basic, xom_butterflies, slow_altar_1
D:6:      layout_rooms, nicolae_uskayaw_en_pointe, serial_shops,
          nicolae_shop_statue_plus, st_stairs_6, kennysheep_generic_room_7
D:7:      layout_cave_pods, wad_woods_river_04
D:8:      lemuel_ratsnest, layout_basic,
          chequers_temple_overflow_statue_of_worship, serial_shops,
          nicolae_shop_stone, jiyva_altar_1, uniq_psyche
D:9:      layout_basic, kennysheep_mini_moat, uniq_gastronok
D:10:     layout_rooms, elyvilon_altar_4, orc_0_dummy, uniq_fannar
D:11:     layout_loops_ring, dpeg_lair_monsters,
          amcnicky_mini_rare_corridor_liquid
Temple:   eino_temple_water
Lair:1:   layout_cave_pods, uniq_joseph
Lair:2:   layout_layer_cave, minmay_snake_entry_six_corridors, lemuel_fruit_tree
Snake:1:  gammafunk_sealed_arena, layout_chambers,
          hellmonk_ghost_happy_afterlife, abandoned_shop

Skill      XL: |  1  2  3  4  5  6  7  8  9 10 11 12 |
---------------+-------------------------------------+-----
Maces & Flails | 4 5 6 7 9 11 13 14 15 | 15.0
Fighting       | 4 5 6 7 9 10 11 | 11.2
Armour         | 3 4 5 6 9 10 12 14 15 | 15.7
Dodging        | 3 4 5 |  5.2
Stealth        | 1 |  1.5
Shields        | 2 3 5 6 |  6.6

Action                   |  1- 3 |  4- 6 |  7- 9 | 10-12 || total
-------------------------+-------+-------+-------+-------++-------
Melee: Mace              |   108 |    62 |       |       ||   170
       Headbutt          |     9 |    12 |    42 |    96 ||   159
       Punch             |     1 |       |     1 |       ||     2
       Unarmed           |       |     3 |       |       ||     3
       Morningstar       |       |    15 |   168 |       ||   183
       Flail             |       |       |    69 |   475 ||   544
Throw: Dart              |       |     2 |       |       ||     2
Invok: Berserk           |     2 |     5 |     6 |    10 ||    23
       Trog's Hand       |       |     2 |     1 |       ||     3
       Brothers in Arms  |       |       |       |     2 ||     2
  Use: Scroll            |       |     1 |       |    10 ||    11
       Potion            |       |     1 |       |     3 ||     4
Armor: Animal skin       |    27 |       |       |       ||    27
       Chain mail        |       |    33 |    61 |       ||    94
       Plate armour      |       |       |    45 |    77 ||   122
       Scale mail        |       |       |     1 |    25 ||    26
Dodge: Dodged            |    72 |    47 |   133 |   204 ||   456
Block: Buckler           |       |       |    30 |   111 ||   141

Table legend: (Time is in decaauts)
 A = Elapsed time spent in this place.
 B = Non-inter-level travel time spent in this place.
 C = Inter-level travel time spent in this place.
 D = Time resting spent in this place.
 E = Time spent auto-exploring this place.
 F = Levels seen in this place.
 G = Mean time per level.
                   A        B        C        D        E       F      G
               +--------+--------+--------+--------+--------+-----+--------+
         Total |  16981 |  16426 |    555 |   5495 |   7188 |  15 | 1132.1 |
       Dungeon |  14431 |  13914 |    517 |   4721 |   5884 |  11 | 1311.9 |
        Temple |    292 |    278 |     14 |      0 |    166 |   1 |  292.0 |
          Lair |   2127 |   2103 |     24 |    773 |   1085 |   2 | 1063.5 |
     Snake Pit |    130 |    130 |      0 |      0 |     53 |   1 |  130.0 |
               +--------+--------+--------+--------+--------+-----+--------+

Top non-repeatable levels by time:
  Lair:2: 2038 daAuts
     D:1: 2004 daAuts
     D:8: 1637 daAuts
    D:10: 1570 daAuts
     D:2: 1454 daAuts
     D:5: 1229 daAuts
     D:7: 1221 daAuts
     D:9: 1216 daAuts
     D:4: 1215 daAuts
     D:6: 1071 daAuts
    D:11: 1015 daAuts
     D:3: 793 daAuts
  Temple: 292 daAuts
 Snake:1: 130 daAuts
  Lair:1: 88 daAuts
